 Dungeon Crawl Stone Soup version 0.31-a0-175-g9f7f995f2b (webtiles) character file.

Game seed: 16205664207593890780

3282 qw the Skirmisher (level 10, -6/65 HPs)
             Began as a Gargoyle Hunter on June 17, 2023.
             Was an Initiate of Okawaru.
             Mangled by a hornet (12 damage)
             ... on level 7 of the Dungeon.
             The game lasted 00:03:36 (6958 turns).

qw the Skirmisher (Gargoyle Hunter)                 Turns: 6958, Time: 00:03:37

Health: -6/65      AC: 15    Str: 15      XL:     10   Next: 0%
Magic:  10/10      EV: 11    Int: 10      God:    Okawaru [......]
Gold:   982        SH:  5    Dex: 12 (17) Spells: 9/9 levels left

rFire   + . .        l - +0 orcbow
rCold   . . .        (shield currently unavailable)
rNeg    + . .        b - +0 ring mail
rPois   inf          r - +0 helmet
rElec   +            (no cloak)
rCorr   .            j - +0 pair of gloves
SInv    +            (no boots)
Will    .....        q - amulet of reflection
Stlth   +            d - ring of see invisible
HPRegen 0.30/turn    h - ring of protection from fire
MPRegen 0.12/turn

%: reflection
@: about to teleport
A: sickness immunity, AC +7, negative energy resistance 1, electricity
resistance, torment resistance 1, petrification resistance
a: Renounce Religion


You were on level 7 of the Dungeon.
You worshipped Okawaru.
Okawaru was noncommittal.
You visited 2 branches of the dungeon, and saw 9 of its levels.
You also visited: Sewer and Ossuary.

You collected 1528 gold pieces.
You spent 546 gold pieces at shops.


Innate Abilities, Weirdness & Mutations

You are immune to sickness and miasma.
Your stone body is resilient. (AC +7)
You are immune to poison.
You resist negative energy. (rN+)
You are resistant to electric shocks. (rElec)
You are resistant to unholy torment.
You are immune to petrification.


   Skills:
 - Level 8.4 Fighting
 + Level 11.6 Ranged Weapons
 - Level 3.2 Armour
 - Level 2.2 Dodging
 - Level 1.1 Stealth


You had 9 spell levels left.
You didn't know any spells.
Your spell library was empty.

Inventory:

Hand Weapons
 l - a +0 orcbow (weapon)
Armour
 b - a +0 ring mail (worn)
 j - a +0 pair of gloves (worn)
 r - a +0 helmet (worn)
Jewellery
 d - a ring of see invisible (left hand)
 h - a ring of protection from fire (right hand)
 q - an amulet of reflection (around neck)
Wands
 p - a wand of digging (4)
Scrolls
 c - a scroll of identify
 i - a scroll of teleportation
Potions
 a - 3 potions of haste
 e - 3 potions of mutation
 f - 4 potions of heal wounds
 g - 2 potions of enlightenment
 k - a potion of resistance
 m - 2 potions of attraction
 n - a potion of cancellation
 o - 6 potions of curing

Dungeon Overview and Level Annotations

Branches:
Dungeon (8/15)             Temple (1/1) D:7           Sewer (visited)
Ossuary (visited)
   Lair: D:8-11

Altars:
Ashenzari
Cheibriados
Dithmenos
Elyvilon
Hepliaklqana
Makhleb
Nemelex Xobeh
Okawaru
Ru
Sif Muna
Uskayaw
Vehumet
Xom
Zin

Shops:
D:6 (   D:7 !


Message History

The hornet completely misses you. The kobold hits you but does no damage.
You shoot an arrow. The arrow hits the hornet!
The hornet is moderately wounded.
The hornet stings you! The kobold closely misses you.
The kobold hits you but does no damage. The hornet stings you!
6949 ||| STAIRDANCE The hornet misses you.
The kobold barely misses you. x2
You climb upwards.
There is a stone staircase leading down here.
You shoot an arrow. The arrow closely misses the hornet.
The hornet stings you. The kobold hits you but does no damage.
The kobold closely misses you. The hornet closely misses you.
You shoot an arrow. The arrow closely misses the hornet.
The hornet closely misses you. The kobold barely misses you.
The kobold hits you but does no damage.
You shoot an arrow. The arrow hits the hornet!
The hornet is heavily wounded.
The hornet closely misses you. The kobold barely misses you.
The kobold closely misses you. The hornet stings you.
You shoot an arrow. The arrow hits the hornet!
The hornet is severely wounded.
The hornet misses you.
The kobold hits you with a +0 short sword.
The kobold closely misses you. The hornet stings you!
You shoot an arrow. The arrow hits the hornet.
The hornet is almost dead.
You block the kobold's attack. The kobold hits you but does no damage.
The hornet stings you.
You shoot an arrow. The arrow closely misses the hornet.
The hornet stings you. The kobold barely misses you.
The kobold hits you but does no damage. The hornet stings you.
You shoot an arrow. The arrow closely misses the hornet.
The kobold barely misses you. x2; The hornet stings you!
6958 ||| READING 2 scrolls of teleportation.
As you read the scroll of teleportation, it crumbles to dust.
You feel strangely unstable.
The hornet stings you but does no damage.
The kobold misses you. The kobold hits you but does no damage.
The hornet stings you!
You die...

................#...#.........###
.....<..........#................
................#...#..}...}..##.
###.............#...#.........#..
#.............#........>.......
#.............#'###.........#..
#.................#..}...}..#..
#............yK...............#
#......#######@%..#..)......###
###......# #K...##.##.##.##
..#......# #.............#
.<'......# #.....##+##..##
..#......# #.....#......#
..#......# #.....#..##..#
################.....'...####
...# #............#...# ...#
#?...........#..##


You could see a hornet and 2 kobolds.

Vanquished Creatures
  Joseph (D:7)
  Eustachio (D:6)
  A water moccasin (D:5)
  An ice beast (D:6)
  A sky beast (D:7)
  2 ogres
  2 black bears
  2 centaurs (D:6)
  A phantom (D:7)
  5 kobold brigands
  An elf zombie (Ossuary)
  A bullfrog (D:6)
  3 scorpions
  5 killer bees (D:6)
  3 howler monkeys (D:7)
  6 hounds
  3 jellies
  2 gnoll boudas
  2 orc priests (D:6)
  2 iguanas
  5 orc wizards
  A hound zombie (Ossuary)
  4 mummies (Ossuary)
  7 gnolls
  13 adders
  2 shadow imps
  An ufetubus (D:4)
  An adder zombie (Ossuary)
  A worm (D:5)
  18 orcs
  10 ball pythons
  15 endoplasms
  3 giant cockroaches
  A gnoll zombie (Ossuary)
  8 goblins
  4 hobgoblins
  4 jackals
  3 quokkas
  10 bats
  4 frilled lizards
  3 goblin zombies (Ossuary)
  A hobgoblin zombie (Ossuary)
  A jackal zombie (Ossuary)
  19 kobolds
  A kobold zombie (Ossuary)
  An orc zombie (Ossuary)
  6 rats
  A rat zombie (Ossuary)
193 creatures vanquished.

Notes
Turn   | Place    | Note
-------+----------+-------------------------------------------
     0 | D:1      | qw the Gargoyle Hunter began the quest for the Orb.
     0 | D:1      | Reached XP level 1. HP: 12/12 MP: 1/1
     0 | D:1      | 0 ||| qw: Version: 0.3-a-2-g5ab2908
     0 | D:1      | 0 ||| qw: Game counter: 306
     0 | D:1      | 0 ||| qw: Always use a shield: true
     0 | D:1      | 0 ||| qw: God list: Okawaru
     0 | D:1      | 0 ||| qw: Allow faded altars: false
     0 | D:1      | 0 ||| qw: Do Orc after D:15 true
     0 | D:1      | 0 ||| qw: Do second Lair branch before Depths: true
     0 | D:1      | 0 ||| qw: Lair rune preference: random
     0 | D:1      | 0 ||| qw: Plans: Normal, Zot:1-4, Slime:5, God:TSO, Crypt,
                  | Tomb, Abyss, Pan, Hells, Win
     0 | D:1      | 0 ||| PLANNING D:1-11
    16 | D:1      | 16 ||| DROPPING scroll of butterflies.
   155 | D:1      | Reached XP level 2. HP: 17/17 MP: 2/2
   430 | D:1      | Reached XP level 3. HP: 21/21 MP: 3/3
   477 | D:1      | Found a faded altar of an unknown god.
   598 | D:1      | Reached skill level 5 in Ranged Weapons
   814 | D:1      | 814 ||| UPGRADING to +0 ring mail.
   824 | D:1      | 824 ||| DROPPING +0 leather armour.
   825 | D:1      | 825 ||| UPGRADING to +0 pair of gloves.
   830 | D:1      | 830 ||| READING scroll labelled MOMEET DUUSTO.
   831 | D:1      | 831 ||| READING scroll labelled JEPTILIGRU.
   832 | D:1      | 832 ||| READING scroll labelled YCAKO NUGGAME.
   833 | D:1      | 833 ||| READING 2 scrolls labelled WIONGE SACAMEF.
   907 | D:2      | Reached skill level 1 in Armour
  1198 | D:2      | Reached XP level 4. HP: 19/27 MP: 4/4
  1368 | D:2      | Reached skill level 3 in Fighting
  1460 | D:2      | 1460 ||| UPGRADING to amulet of regeneration.
  1465 | D:2      | 1465 ||| UPGRADING to ring of see invisible.
  1466 | D:2      | 1466 ||| READING scroll labelled BAADELECAA.
  1466 | D:2      | Identified a scroll of acquirement
  1466 | D:2      | 1466 ||| ACQUIRING 919 gold pieces
  1466 | D:2      | Acquired 919 gold pieces
  2049 | D:3      | 2049 ||| READING scroll labelled VUINEBA MISY.
  2050 | D:3      | 2050 ||| DRINKING 2 green potions.
  2051 | D:3      | 2051 ||| DROPPING potion of brilliance.
  2097 | D:4      | 2097 ||| PLANNING SEWER
  2109 | D:4      | Reached XP level 5. HP: 32/32 MP: 5/5
  2119 | D:4      | Found a radiant altar of Vehumet.
  2259 | D:4      | Found a hazy altar of Hepliaklqana.
  2370 | D:4      | Reached skill level 6 in Ranged Weapons
  2415 | D:4      | Noticed an ogre
  2426 | D:4      | Killed an ogre
  2427 | D:4      | Reached XP level 6. HP: 13/38 MP: 6/6
  2562 | D:4      | Reached skill level 7 in Ranged Weapons
  2793 | D:4      | Found a glowing drain.
  2794 | D:4      | 2794 ||| READING scroll labelled UWKILA FENUOQ.
  2795 | D:4      | 2795 ||| READING scroll labelled ERGHOR YRUC.
  2800 | Sewer    | Entered a sewer
  2826 | Sewer    | 2826 ||| Stepping ~*~*~tactically~*~*~ (water).
  2850 | Sewer    | Reached XP level 7. HP: 28/43 MP: 7/7
  2963 | Sewer    | Reached skill level 8 in Ranged Weapons
  3005 | Sewer    | 3005 ||| DRINKING 2 viscous orange potions.
  3006 | Sewer    | 3006 ||| DRINKING 2 clear potions.
  3007 | Sewer    | 3007 ||| DROPPING potion of invisibility.
  3015 | Sewer    | 3015 ||| Stepping ~*~*~tactically~*~*~ (water).
  3108 | Sewer    | 3108 ||| Stepping ~*~*~tactically~*~*~ (water).
  3143 | Sewer    | 3143 ||| READING scroll labelled WASTRA QIFU.
  3144 | Sewer    | 3144 ||| READING 2 scrolls of identify.
  3144 | Sewer    | 3144 ||| IDENTIFYING sedimented ruby potion
  3152 | D:4      | 3152 ||| PLANNING D:1-11
  3217 | D:4      | Found a burning altar of Makhleb.
  3309 | D:5      | Entered Level 5 of the Dungeon
  3310 | D:5      | 3310 ||| PLANNING OSSUARY
  3407 | D:5      | Reached XP level 8. HP: 45/49 MP: 8/8
  3607 | D:5      | Reached skill level 9 in Ranged Weapons
  3711 | D:5      | Found a sand-covered staircase.
  3712 | D:5      | 3712 ||| READING scroll labelled ROURIRHY ROGY.
  3717 | Ossuary  | Entered an ossuary
  3750 | Ossuary  | Reached skill level 6 in Fighting
  3964 | Ossuary  | 3964 ||| READING 2 scrolls labelled XALEUDW LEEJ.
  3965 | Ossuary  | 3965 ||| DRINKING 2 fizzy coppery potions.
  3966 | Ossuary  | 3966 ||| READING 4 scrolls of identify.
  3966 | Ossuary  | 3966 ||| IDENTIFYING red potion
  3967 | Ossuary  | 3967 ||| READING 3 scrolls of identify.
  3967 | Ossuary  | 3967 ||| IDENTIFYING viscous cyan potion
  3968 | Ossuary  | 3968 ||| READING 2 scrolls of identify.
  3968 | Ossuary  | 3968 ||| IDENTIFYING black potion
  3969 | Ossuary  | 3969 ||| DROPPING potion of degeneration.
  3970 | Ossuary  | 3970 ||| DROPPING potion of ambrosia.
  3971 | Ossuary  | 3971 ||| DROPPING scroll of fog.
  3985 | D:5      | 3985 ||| PLANNING D:1-11
  4394 | D:5      | 4394 ||| UPGRADING to ring of protection from fire.
  4395 | D:5      | 4395 ||| READING 2 scrolls of identify.
  4395 | D:5      | 4395 ||| IDENTIFYING puce potion
  4472 | D:6      | Found a shimmering altar of Xom.
  4473 | D:6      | Found a shimmering altar of Xom.
  4474 | D:6      | Found a shimmering altar of Xom.
  4476 | D:6      | Found a shimmering altar of Xom.
  4476 | D:6      | Found a shimmering altar of Xom.
  4476 | D:6      | Found a shimmering altar of Xom.
  4476 | D:6      | Found a shimmering altar of Xom.
  4536 | D:6      | Reached skill level 10 in Ranged Weapons
  4543 | D:6      | Reached XP level 9. HP: 42/55 MP: 9/9
  4565 | D:6      | 4565 ||| SWAPPING to +0 orcbow.
  4566 | D:6      | 4566 ||| DROPPING +0 shortbow.
  4686 | D:6      | Found a sparkling altar of Nemelex Xobeh.
  4885 | D:6      | 4885 ||| Stepping ~*~*~tactically~*~*~ (outnumbered).
  4899 | D:6      | Noticed Eustachio
  4938 | D:6      | 4938 ||| FLEEEEING.
  4939 | D:6      | 4939 ||| FLEEEEING.
  4940 | D:6      | 4940 ||| FLEEEEING.
  4941 | D:6      | 4941 ||| FLEEEEING.
  4942 | D:6      | 4942 ||| FLEEEEING.
  4943 | D:6      | 4943 ||| FLEEEEING.
  4944 | D:6      | 4944 ||| FLEEEEING.
  4945 | D:6      | 4945 ||| FLEEEEING.
  4946 | D:6      | 4946 ||| FLEEEEING.
  4947 | D:6      | 4947 ||| FLEEEEING.
  4948 | D:6      | 4948 ||| FLEEEEING.
  4949 | D:6      | 4949 ||| FLEEEEING.
  4950 | D:6      | 4950 ||| FLEEEEING.
  4951 | D:6      | 4951 ||| FLEEEEING.
  4974 | D:6      | 4974 ||| Stepping ~*~*~tactically~*~*~ (outnumbered).
  5003 | D:6      | Killed Eustachio
  5004 | D:6      | Reached skill level 11 in Ranged Weapons
  5094 | D:6      | Found Yguqav's Weapon Emporium.
  5413 | D:6      | 5413 ||| UPGRADING to +0 helmet.
  5418 | D:6      | 5418 ||| UPGRADING to amulet of reflection.
  5428 | D:6      | 5428 ||| DROPPING amulet of regeneration.
  5511 | D:7      | 5511 ||| Stepping ~*~*~tactically~*~*~ (outnumbered).
  5514 | D:7      | 5514 ||| Stepping ~*~*~tactically~*~*~ (outnumbered).
  5516 | D:7      | 5516 ||| Stepping ~*~*~tactically~*~*~ (outnumbered).
  5537 | D:7      | HP: 12/57 [gnoll/+0 flail[a gnoll bouda] (6)]
  5538 | D:7      | 5538 ||| READING 4 scrolls of teleportation.
  5538 | D:7      | HP: 3/57 [gnoll/+0 flail[a gnoll bouda] (9)]
  5539 | D:7      | 5539 ||| DRINKING potion of heal wounds.
  5542 | D:7      | Reached skill level 3 in Armour
  5543 | D:7      | 5543 ||| READING 3 scrolls of teleportation.
  5767 | D:7      | Noticed Joseph
  5786 | D:7      | HP: 9/57 [Joseph/sling bullet (17)]
  5787 | D:7      | 5787 ||| READING 2 scrolls of teleportation.
  5787 | D:7      | HP: 2/57 [Joseph/sling bullet (8)]
  5788 | D:7      | Killed Joseph
  6025 | D:7      | Found Heam's Distillery.
  6053 | D:7      | Found a staircase to the Ecumenical Temple.
  6054 | D:7      | 6054 ||| PLANNING TEMPLE
  6054 | D:7      | 6054 ||| DRINKING 2 metallic yellow potions.
  6063 | Temple   | Entered the Ecumenical Temple
  6188 | Temple   | 6188 ||| PLANNING OKAWARU WORSHIP
  6270 | Temple   | Became a worshipper of Warmaster Okawaru
  6271 | Temple   | 6271 ||| PLANNING D:1-11
  6804 | D:7      | 6804 ||| BUYING 2 potions of heal wounds (140 gold).
  6804 | D:7      | Bought 2 potions of heal wounds for 140 gold pieces
  6804 | D:7      | 6804 ||| BUYING potion of curing (42 gold).
  6804 | D:7      | Bought a potion of curing for 42 gold pieces
  6804 | D:7      | 6804 ||| BUYING potion of curing (42 gold).
  6804 | D:7      | Bought a potion of curing for 42 gold pieces
  6804 | D:7      | 6804 ||| BUYING potion of curing (42 gold).
  6804 | D:7      | Bought a potion of curing for 42 gold pieces
  6804 | D:7      | 6804 ||| BUYING potion of heal wounds (70 gold).
  6804 | D:7      | Bought a potion of heal wounds for 70 gold pieces
  6804 | D:7      | 6804 ||| BUYING potion of heal wounds (70 gold).
  6804 | D:7      | Bought a potion of heal wounds for 70 gold pieces
  6804 | D:7      | 6804 ||| BUYING potion of resistance (140 gold).
  6804 | D:7      | Bought a potion of resistance for 140 gold pieces
  6885 | D:8      | Noticed a hornet
  6886 | D:8      | 6886 ||| STAIRDANCE
  6897 | D:7      | Reached XP level 10. HP: 51/65 MP: 10/10
  6949 | D:8      | 6949 ||| STAIRDANCE
  6957 | D:7      | HP: 6/65 [hornet (13)]
  6958 | D:7      | 6958 ||| READING 2 scrolls of teleportation.
  6958 | D:7      | Mangled by a hornet

Levels and vault maps discovered:
D:1:      roderic_crop_circles_arrival_small, layout_loops_corners,
          hellmonk_ecumenical_altar_inner_sanctum, minmay_unequal
D:2:      layout_loops_ring
D:3:      layout_loops_cross
D:4:      layout_loops_ring, kennysheep_mini_moat, amcnicky_altar_gilded,
          nicolae_hepliaklqana_hippocampus, portal_sewer_entry_e
D:5:      layout_loops_ring, nicolae_ossuary_entry_false_entrances,
          chequers_serial_rivers_marsh
D:6:      layout_loops_ring, nemelex_xobeh_ov_fountains_minmay, xom_redecorated,
          serial_shops, nicolae_diamond_shop, uniq_eustachio
D:7:      layout_gridville, minmay_temple_entry_large_hall, serial_shops,
          nicolae_inconvenience_store, uniq_joseph
D:8:      layout_basic, enter_bailey_3
Temple:   grunt_temple_mini_profane

Skill      XL: |  1  2  3  4  5  6  7  8  9 |
---------------+----------------------------+-----
Ranged Weapons | 5 6 7 8 10 11 | 11.6
Armour         | 1 2 3 |  3.2
Fighting       | 3 4 5 6 8 |  8.4
Dodging        | 2 |  2.2
Stealth        | |  1.1

Action                     |  1- 3 |  4- 6 |  7- 9 | 10-12 || total
---------------------------+-------+-------+-------+-------++-------
   Fire: Shortbow          |   103 |   176 |   348 |       ||   627
         Orcbow            |       |       |   294 |    13 ||   307
    Use: Scroll            |     4 |     4 |    11 |     1 ||    20
         Potion            |       |     1 |     5 |       ||     6
 Armour: Leather armour    |     1 |       |       |       ||     1
         Ring mail         |    16 |    64 |   476 |    11 ||   567
  Dodge: Dodged            |    23 |    79 |   576 |    21 ||   699
  Block: Other             |       |       |    23 |     2 ||    25
         Reflection        |       |       |     5 |       ||     5

Table legend:
 A = Non-vault XP
 B = Vault XP
 C = Vault XP percentage of total XP
 D = Non-vault monster count
 E = Vault monster count
 F = Vault count percentage of total count
                 A         B        C        D         E       F
            +---------+---------+-------+---------+---------+-------
      Total |    3393 |    1296 |  27.6 |     144 |      49 |  25.4
            +---------+---------+-------+---------+---------+-------
        D:1 |      39 |       7 |  15.2 |      25 |       4 |  13.8
        D:2 |      41 |       0 |   0.0 |      10 |       0 |   0.0
        D:3 |      72 |       0 |   0.0 |      14 |       0 |   0.0
        D:4 |     370 |       0 |   0.0 |      22 |       0 |   0.0
        D:5 |     762 |       0 |   0.0 |      20 |       0 |   0.0
        D:6 |    1337 |     196 |  12.8 |      32 |       1 |   3.0
        D:7 |     768 |     455 |  37.2 |      18 |       1 |   5.3
        D:8 |       4 |       0 |   0.0 |       3 |       0 |   0.0
      Sewer |       0 |     438 | 100.0 |       0 |      27 | 100.0
    Ossuary |       0 |     200 | 100.0 |       0 |      16 | 100.0
            +---------+---------+-------+---------+---------+-------
